 Dungeon Crawl Stone Soup version 0.30-a0-1112-gfb780f5df6 (webtiles) character file.

Game seed: 5150909127796688260

11138 Jeffwins the Geomancer (level 12, -10/85 HPs)
             Began as a Human Wanderer on Apr 19, 2023.
             Was a Priest of Vehumet.
             Engulfed by a cloud of freezing vapour (22 damage)
             ... on level 11 of the Dungeon.
             The game lasted 00:25:18 (13067 turns).

Jeffwins the Geomancer (Human Wanderer)            Turns: 13067, Time: 00:25:18

Health: -10/85     AC:  9    Str: 14    XL:     12   Next: 4%
Magic:  6/23       EV: 12    Int: 21    God:    Vehumet [***...]
Gold:   794        SH:  8    Dex:  8    Spells: 10/25 levels left

rFire   . . .      SeeInvis +    a - +8 mithril axe "Arga" {speed, Will+}
rCold   . . .      Faith    .    X - +0 buckler
rNeg    . . .      Spirit   .    d - +1 steam dragon scales
rPois   .          Reflect  +    O - +0 helmet
rElec   .          Rampage  .    q - +0 cloak
rCorr   .                        K - +0 pair of gloves
Will    +....                    (no boots)
Stlth   ++                       W - amulet of reflection
HPRegen 0.34/turn                Y - +4 ring of slaying
MPRegen 0.18/turn                v - ring of see invisible

@: very slightly contaminated
A: no striking features
a: Renounce Religion


You were on level 11 of the Dungeon.
You worshipped Vehumet.
Vehumet was most pleased with you.
You visited 2 branches of the dungeon, and saw 12 of its levels.

You collected 797 gold pieces.
You spent 3 gold pieces at shops.


   Skills:
 + Level 4.8 Fighting
 * Level 2.1 Axes
 + Level 4.7 Throwing
 + Level 5.1 Dodging
 - Level 5.0 Stealth
 + Level 1.0 Shields
 * Level 7.4 Spellcasting
 * Level 6.8 Conjurations
 + Level 2.6 Translocations
 + Level 1.7 Fire Magic
 * Level 3.8 Ice Magic
 * Level 3.7 Air Magic
 * Level 8.2 Earth Magic
 + Level 2.9 Poison Magic
 + Level 4.7 Evocations


You had 10 spell levels left.
You knew the following spells:

 Your Spells              Type           Power      Damage    Failure   Level
c - Freezing Cloud        Conj/Ice/Air   14%        6-21      12%         5
m - Mephitic Cloud        Conj/Pois/Air  26%        N/A       1%          3
s - Sandblast             Erth           84%        2d18      1%          1
x - Hailstorm             Conj/Ice       30%        3d8       1%          3
z - Foxfire               Conj/Fire      100%       2x1d9     1%          1
I - Blink                 Tloc           36%        N/A       6%          2

Your spell library contained the following spells:

 Spells                   Type           Power      Damage    Failure   Level
 Searing Ray              Conj           72%        2d7       1%          2
 Leda's Liquefaction      Hex/Erth       12%        N/A       21%         4
 Petrify                  Tmut/Erth      25%        N/A       21%         4
 Manifold Assault         Tloc           18%        N/A       36%         4
 Simulacrum               Ice/Necr       7%         N/A       100%        6
 Storm Form               Tmut/Air       7%         N/A       100%        7

Inventory:

Hand Weapons
 a - the +8 mithril axe "Arga" (weapon) {speed, Will+}
   (You found it on level 9 of the Dungeon)

   Will:      It increases your willpower.
 w - a +1 short sword of speed
 y - a -3 double sword
 A - a -3 demon whip
 B - a -1 triple crossbow
 G - a +5 short sword of freezing
 J - a +2 shortbow of flaming
 P - the +0 dagger of the Undead {flame, rCorr}
   (You found it on level 7 of the Dungeon)

   rCorr:     It protects you from acid and corrosion.
 R - the +1 quarterstaff of Xom's Displeasure {vamp, rF+}
   (You took it off an orc on level 8 of the Dungeon)

   rF:        It protects you from fire.
Missiles
 l - 15 poisoned darts
Armour
 d - +1 steam dragon scales (worn)
 q - a +0 cloak (worn)
 s - a scarf of shadows
 K - a +0 pair of gloves (worn)
 O - a +0 helmet (worn)
 X - a +0 buckler (worn)
 Z - a +1 robe of cold resistance
Magical Staves
 S - a staff of conjuration {!a}
Jewellery
 v - a ring of see invisible (right hand)
 C - a ring of ice
 N - a ring of positive energy
 W - an amulet of reflection (around neck)
 Y - a +4 ring of slaying (left hand)
Wands
 m - a wand of iceblast (9)
 r - a wand of charming (17)
 H - a wand of flame (23)
 M - a wand of digging (3)
Scrolls
 e - 6 scrolls of teleportation {@r4}
 j - 2 scrolls of fear
 n - a scroll of silence {!r}
 t - a scroll of enchant armour
 u - 2 scrolls of amnesia
 E - 2 scrolls of vulnerability {!r}
 L - 2 scrolls of blinking
Potions
 b - 2 potions of cancellation {unknown}
 c - 5 potions of curing {@q1}
 f - 6 potions of attraction {unknown}
 h - a potion of magic {unknown}
 i - 2 potions of invisibility {unknown}
 k - 2 potions of haste {unknown}
 o - 5 potions of heal wounds {unknown}
 p - 2 potions of resistance {unknown}
 x - a potion of mutation {unknown}
 z - 4 potions of might {unknown}
 D - 3 potions of degeneration {unknown}
 F - 2 potions of lignification {unknown}
 I - a potion of flight {unknown}
 Q - a potion of ambrosia {unknown}
 V - a potion of berserk rage {unknown}
Miscellaneous
 g - a phantom mirror

Dungeon Overview and Level Annotations

Branches:
Dungeon (11/15)            Temple (1/1) D:7             Orc (0/2) D:9
   Lair: D:8-11

Altars:
Ashenzari
Cheibriados
Dithmenos
Elyvilon
Fedhas
Gozag
Hepliaklqana
Kikubaaqudgha
Makhleb
Nemelex Xobeh
Okawaru
Qazlal
Ru
Sif Muna
Trog
Uskayaw
Vehumet
Wu Jian
Xom
Yredelemnul
Zin
The Shining One

Shops:
D:4 *

Annotations:
D:6 3 runed translucent doors, pokedragonboy's ghost, novice HOFi
D:11 Grum

#..##...#
#+####..#....#
#.#.....#....#
#.......#....#
###.....##...# ....
##....##...## #...
##....##....# #...
#...........# #..v
#..@........# #...
+(§†§.......# #...
#.§§§.......# #...
###g§§##...## #...
#§§.##...###+##...
§§§§..........#...
§.§...........#...
..............'...
...............#...


You could see Grum.


Message History

The wolf is engulfed in freezing vapours.
The wolf bites you!
* * * LOW HITPOINT WARNING * * *
You block the wolf's attack.
Casting: Freezing Cloud (dangerous; 12% risk of failure)
Confirm with . or Enter, or press ? or * to list all spells.
Aiming: Freezing Cloud (dangerous; 12% risk of failure)
Press: ? - help, Dir - move target, f - Grum, p - wolf
Aim: Grum, wielding a +1 spear and wearing a +0 animal skin You are engulfed in freezing vapours.
* * * LOW HITPOINT WARNING * * *
The wolf bites you.
* * * LOW HITPOINT WARNING * * *
The wolf is engulfed in freezing vapours.
The wolf closely misses you. The wolf barely misses you.
The wolf is engulfed in freezing vapours.
You kill the wolf!
Vehumet accepts your kill.
Grum is engulfed in freezing vapours.
Unknown command.
Casting: Freezing Cloud (dangerous; 12% risk of failure)
Confirm with . or Enter, or press ? or * to list all spells.
Aiming: Sandblast (safe; 1% risk of failure)
Press: ? - help, Shift-Dir - straight line, f/p - Grum
Aim: Grum, wielding a +1 spear and wearing a +0 animal skin (freezing vapour, lightly wounded, 87% to hit)
The blast of sand hits the wolf!
You kill the wolf!
Vehumet accepts your kill.
You are engulfed in freezing vapours.
You die...

Skill      XL: |  1  2  3  4  5  6  7  8  9 10 11 12 |
---------------+-------------------------------------+-----
Fighting       | 1 2 3 4 |  4.8
Conjurations   | 1 2 4 5 6 |  6.8
Throwing       | 1 2 3 4 |  4.7
Spellcasting   | 4 5 6 7 |  7.4
Evocations     | 1 2 3 4 |  4.7
Dodging        | 2 3 4 5 |  5.1
Earth Magic    | 5 6 7 8 |  8.2
Stealth        | 3 4 5 |  5.0
Ice Magic      | 2 3 |  3.8
Air Magic      | 2 3 |  3.7
Poison Magic   | 1 2 |  2.9
Translocations | 1 2 |  2.6
Fire Magic     | 1 |  1.7
Axes           | 2 |  2.1
Shields        | 1 |  1.0

Action                     |  1- 3 |  4- 6 |  7- 9 | 10-12 || total
---------------------------+-------+-------+-------+-------++-------
  Melee: Club              |    20 |       |       |       ||    20
         Punch             |     1 |       |       |       ||     1
         Spear             |       |     1 |       |       ||     1
         Broad axe         |       |       |       |    44 ||    44
   Fire: Shortbow          |       |       |    17 |   119 ||   136
   Cast: Sandblast         |    44 |    91 |   143 |   110 ||   388
         Mephitic Cloud    |       |       |       |     5 ||     5
         Blink             |       |       |       |     2 ||     2
         Foxfire           |       |       |       |    66 ||    66
         Freezing Cloud    |       |       |       |     7 ||     7
         Hailstorm         |       |       |       |     2 ||     2
  Evoke: Wand              |       |       |     5 |    12 ||    17
    Use: Scroll            |       |       |       |    12 ||    12
   Stab: Sleeping          |       |       |       |     1 ||     1
 Armour: Robe              |    19 |       |       |       ||    19
         Leather armour    |     1 |    19 |    16 |     5 ||    41
         Steam dragon scal |       |       |       |    38 ||    38
  Dodge: Dodged            |    33 |    20 |    53 |    77 ||   183
  Block: Buckler           |       |       |       |     7 ||     7
         Other             |       |       |       |     1 ||     1
         Reflection        |       |       |       |     1 ||     1

Levels and vault maps discovered:
D:1:      heliophobic_arrival_henge, layout_loops_ring,
          minmay_misc_feat_four_crosses
D:2:      layout_basic, uniq_crazy_yiuf_cottage, uniq_jessica
D:3:      gammafunk_wand_slinger, layout_basic
D:4:      layout_layer_cave, mainiacjoe_overflow_large_starburst,
          lemuel_coloured_pillars_altar, nrook_mini_vaults,
          minmay_misc_feat_alley, minmay_shop_damaged
D:5:      layout_loops_ring, xom_teletrap_fun, uniq_grinder
D:6:      layout_basic, nicolae_ashenzari_skybound, gammafunk_ghost_split,
          uniq_menkaure
D:7:      layout_gridville, minmay_temple_entry_large_hall
D:8:      layout_basic, good_gods_temple_1,
          mainiacjoe_overflow_concentric_impassable
D:9:      layout_rooms, zombieorc1_lemuel, hangedman_incinerator, uniq_psyche,
          uniq_harold
D:10:     layout_basic, gammafunk_temple_overflow_wave, serial_bayou_crossing,
          uniq_snorg
D:11:     layout_gridville, erik_lair_island, gauntlet_entry_generic,
          portal_ice_cave_entry_ice_simulacra, serial_shops, shop,
          chequers_arboretum, nicolae_wu_jian_glorious_leap, uniq_grum
Temple:   grunt_temple_mini_profane

Notes
Turn   | Place    | Note
-------+----------+-------------------------------------------
     0 | D:1      | Jeffwins the Human Wanderer began the quest for the Orb.
     0 | D:1      | Jeffwins set off with the following items: a +0 club, a +0
                  | helmet, a potion of curing {@q1}, a +0 robe, a scroll of
                  | teleportation {@r4}; and the following spell memorised:
                  | Sandblast; and the following spells available to memorise:
                  | Leda's Liquefaction, Petrify.
     0 | D:1      | Reached XP level 1. HP: 13/13 MP: 4/4
    34 | D:1      | Reached XP level 2. HP: 19/19 MP: 0/6
   330 | D:1      | Reached XP level 3. HP: 25/25 MP: 5/7
  1118 | D:2      | Reached XP level 4. HP: 31/31 MP: 7/9
  1121 | D:2      | Reached skill level 1 in Fighting
  1189 | D:2      | Found a runed translucent door.
  1190 | D:2      | Noticed Crazy Yiuf
  1706 | D:2      | Noticed Jessica
  1711 | D:2      | HP: 2/32 [Jessica/+4 club (3)]
  1712 | D:2      | Killed Jessica
  1713 | D:2      | Reached XP level 5. HP: 3/37 MP: 5/10
  1917 | D:2      | Killed Crazy Yiuf
  1918 | D:2      | Reached skill level 1 in Conjurations
  2073 | D:3      | Found a transporter.
  2183 | D:3      | Found a transporter.
  2564 | D:3      | Reached XP level 6. HP: 42/43 MP: 7/11
  2798 | D:3      | Reached skill level 1 in Throwing
  3049 | D:3      | Reached skill level 4 in Spellcasting
  3049 | D:3      | Reached skill level 1 in Evocations
  3282 | D:4      | Reached skill level 2 in Dodging
  3512 | D:4      | Found an opulent altar of Gozag.
  3528 | D:4      | Found a snail-covered altar of Cheibriados.
  3575 | D:4      | Found Deituima's Lightly-Used Armoury.
  3585 | D:4      | Bought a -3 double sword for 1 gold piece
  3585 | D:4      | Bought a -3 demon whip for 1 gold piece
  3585 | D:4      | Bought a -2 triple crossbow for 1 gold piece
  3646 | D:4      | Reached skill level 2 in Conjurations
  3646 | D:4      | Reached skill level 5 in Earth Magic
  3646 | D:4      | Reached XP level 7. HP: 32/49 MP: 9/13
  3968 | D:4      | Found a basalt altar of Yredelemnul.
  4474 | D:5      | Entered Level 5 of the Dungeon
  4508 | D:5      | Found a shimmering altar of Xom.
  4565 | D:5      | Reached skill level 2 in Fighting
  4746 | D:5      | Reached skill level 3 in Stealth
  4909 | D:5      | Reached XP level 8. HP: 37/56 MP: 14/14
  4912 | D:5      | Reached skill level 2 in Throwing
  5119 | D:5      | Reached skill level 3 in Conjurations
  5322 | D:5      | Noticed Grinder
  5330 | D:5      | Killed Grinder
  5331 | D:5      | Reached skill level 2 in Evocations
  5497 | D:5      | Reached skill level 3 in Dodging
  5497 | D:5      | Reached skill level 5 in Spellcasting
  5833 | D:6      | Found a runed translucent gate.
  5833 | D:6      | Found a runed translucent gate.
  5834 | D:6      | Found a runed translucent gate.
  5835 | D:6      | Noticed pokedragonboy's ghost (novice HOFi)
  5836 | D:6      | Noticed a two-headed ogre
  5852 | D:6      | Found a broken altar of Ashenzari.
  6001 | D:6      | Reached skill level 6 in Earth Magic
  6050 | D:6      | Noticed Menkaure
  6056 | D:6      | Killed Menkaure
  6057 | D:6      | Reached skill level 4 in Conjurations
  6057 | D:6      | Reached XP level 9. HP: 30/62 MP: 11/16
  6436 | D:6      | Reached skill level 3 in Fighting
  6597 | D:6      | Reached skill level 3 in Throwing
  6597 | D:6      | Reached skill level 4 in Stealth
  7074 | D:7      | Reached skill level 3 in Evocations
  7547 | D:7      | Found a staircase to the Ecumenical Temple.
  7555 | D:7      | Identified the +0 dagger of the Undead {flame, rCorr}
  7558 | Temple   | Entered the Ecumenical Temple
  7767 | Temple   | Became a worshipper of Vehumet
  7994 | D:7      | Reached skill level 5 in Conjurations
  7996 | D:7      | Reached skill level 6 in Spellcasting
  8222 | D:8      | Reached XP level 10. HP: 62/71 MP: 14/19
  8336 | D:8      | Reached skill level 4 in Dodging
  8336 | D:8      | Reached skill level 7 in Earth Magic
  8689 | D:8      | Identified the +1 quarterstaff of Xom's Displeasure {vamp,
                  | rF+}
  8710 | D:8      | Identified a scroll of acquirement
  8714 | D:8      | Acquired Litazurgh's Volume of the Frigid Scorpion
  8722 | D:8      | Learned a level 5 spell: Freezing Cloud
  8726 | D:8      | Learned a level 3 spell: Mephitic Cloud
  8730 | D:8      | Learned a level 3 spell: Hailstorm
  8764 | D:8      | Reached skill level 4 in Fighting
  8855 | D:8      | Learned a level 2 spell: Blink
  8904 | D:8      | Found a sacrificial altar of Ru.
  8960 | D:8      | Found a glowing silver altar of Zin.
  8960 | D:8      | Found a glowing golden altar of the Shining One.
  8961 | D:8      | Found a white marble altar of Elyvilon.
  9134 | D:8      | Reached * piety under Vehumet
  9134 | D:8      | Offered knowledge of Magic Dart by Vehumet.
  9418 | D:9      | Noticed Harold
  9503 | D:9      | Noticed Psyche
  9506 | D:9      | Killed Psyche
  9507 | D:9      | Reached skill level 1 in Ice Magic
  9507 | D:9      | Reached skill level 1 in Air Magic
  9569 | D:9      | Reached skill level 1 in Poison Magic
  9569 | D:9      | Reached skill level 4 in Evocations
  9571 | D:9      | Reached skill level 1 in Translocations
  9706 | D:9      | Found a staircase to the Orcish Mines.
  9721 | D:9      | Reached skill level 5 in Stealth
  9770 | D:9      | Found the +8 mithril axe "Arga" {speed, Will+}
  9989 | D:9      | Paralysed by a hornet for 2 turns
  9993 | D:9      | Reached skill level 4 in Throwing
  9993 | D:9      | Reached skill level 2 in Ice Magic
 10151 | D:9      | Noticed a two-headed ogre
 10155 | D:9      | Killed a two-headed ogre
 10156 | D:9      | Reached skill level 6 in Conjurations
 10156 | D:9      | Reached skill level 2 in Air Magic
 10250 | D:9      | Offered knowledge of Foxfire by Vehumet.
 10253 | D:9      | Learned a level 1 spell: Foxfire
 10271 | D:9      | Reached XP level 11. HP: 51/78 MP: 19/21
 10294 | D:9      | Reached ** piety under Vehumet
 10503 | D:9      | HP: 7/78 [Harold/+0 war axe of freezing (4)]
 10510 | D:9      | Killed Harold
 10511 | D:9      | Reached skill level 2 in Poison Magic
 10754 | D:9      | Reached skill level 7 in Spellcasting
 10754 | D:9      | Reached skill level 1 in Fire Magic
 10754 | D:9      | Reached skill level 3 in Ice Magic
 11144 | D:10     | Entered Level 10 of the Dungeon
 11156 | D:9      | Reached skill level 2 in Translocations
 11156 | D:9      | Reached skill level 3 in Air Magic
 11229 | D:9      | Offered knowledge of Searing Ray by Vehumet.
 11496 | D:10     | Reached skill level 8 in Earth Magic
 11595 | D:10     | Found a shimmering blue altar of Sif Muna.
 11595 | D:10     | Found a stormy altar of Qazlal.
 11603 | D:10     | Reached skill level 1 in Axes
 12303 | D:10     | Reached *** piety under Vehumet
 12308 | D:10     | Reached skill level 5 in Dodging
 12603 | D:10     | Noticed a two-headed ogre
 12608 | D:10     | Killed a two-headed ogre
 12776 | D:10     | Noticed Snorg
 12782 | D:10     | Killed Snorg
 12783 | D:10     | Reached skill level 2 in Axes
 13005 | D:11     | Reached XP level 12. HP: 40/85 MP: 14/23
 13061 | D:11     | Noticed Grum
 13062 | D:11     | Reached skill level 1 in Shields
 13067 | D:11     | Engulfed by a cloud of freezing vapour

Vanquished Creatures
  Snorg (D:10)
  Harold (D:9)
  2 two-headed ogres
  An unseen horror (D:11)
  Psyche (D:9)
  A kobold demonologist (D:10)
  3 trolls
  A hornet (D:9)
  Grinder (D:5)
  2 shadows
  4 fire bats (D:9)
  10 yaks
  3 steam dragons
  Menkaure (D:6)
  A hell hound (D:9)
  An orc warrior (D:8)
  2 sky beasts
  2 ice beasts
  3 wolves (D:11)
  5 centaurs
  4 phantoms
  4 bullfrogs
  4 scorpions
  14 wights
  3 killer bees (D:7)
  A troll zombie (D:9)
  4 howler monkeys
  2 lava snakes (D:9)
  A hound (D:5)
  5 orc priests
  Crazy Yiuf (D:2)
  2 jellies (D:6)
  Jessica (D:2)
  6 iguanas
  12 orc wizards
  5 ogre zombies (D:9)
  8 adders
  5 shadow imps
  A white imp (D:7)
  An ufetubus (D:4)
  2 worms
  4 dart slugs
  27 orcs
  7 ball pythons
  6 bats
  5 endoplasms
  4 giant cockroaches
  9 goblins
  7 hobgoblins
  4 jackals (D:3)
  7 quokkas
  3 frilled lizards (D:1)
  A goblin skeleton (D:9)
  4 goblin zombies (D:9)
  A hobgoblin skeleton (D:9)
  3 hobgoblin zombies (D:9)
  7 kobolds
  An orc skeleton (D:9)
  8 orc zombies (D:9)
  5 rats
  3 fire vortices (D:9)
248 creatures vanquished.

Vanquished Creatures (others)
  An orc zombie (D:9)
  108 foxfires
109 creatures vanquished.

Grand Total: 357 creatures vanquished

Table legend: (Time is in decaauts)
 A = Elapsed time spent in this place.
 B = Non-inter-level travel time spent in this place.
 C = Inter-level travel time spent in this place.
 D = Time resting spent in this place.
 E = Time spent auto-exploring this place.
 F = Levels seen in this place.
 G = Mean time per level.
                   A        B        C        D        E       F      G
               +--------+--------+--------+--------+--------+-----+--------+
         Total |  13353 |  12820 |    533 |    698 |  10044 |  12 | 1112.8 |
       Dungeon |  13122 |  12633 |    489 |    698 |   9860 |  11 | 1192.9 |
        Temple |    231 |    187 |     44 |      0 |    184 |   1 |  231.0 |
               +--------+--------+--------+--------+--------+-----+--------+

Top non-repeatable levels by time:
     D:9: 1920 daAuts
    D:10: 1388 daAuts
     D:8: 1349 daAuts
     D:5: 1330 daAuts
     D:6: 1309 daAuts
     D:4: 1222 daAuts
     D:3: 1222 daAuts
     D:2: 1136 daAuts
     D:7: 1056 daAuts
     D:1: 970 daAuts
  Temple: 231 daAuts
    D:11: 216 daAuts

Table legend:
 A = Non-vault XP
 B = Vault XP
 C = Vault XP percentage of total XP
 D = Non-vault monster count
 E = Vault monster count
 F = Vault count percentage of total count
                 A         B        C        D         E       F
            +---------+---------+-------+---------+---------+-------
      Total |   11107 |    4924 |  30.7 |     195 |      50 |  20.4
            +---------+---------+-------+---------+---------+-------
        D:1 |      59 |       0 |   0.0 |      31 |       0 |   0.0
        D:2 |      71 |      77 |  52.0 |      20 |       2 |   9.1
        D:3 |      75 |     115 |  60.5 |      16 |       5 |  23.8
        D:4 |     211 |       0 |   0.0 |      14 |       0 |   0.0
        D:5 |     701 |     267 |  27.6 |      18 |       1 |   5.3
        D:6 |    1000 |     165 |  14.2 |      19 |       1 |   5.0
        D:7 |    1090 |       0 |   0.0 |      20 |       0 |   0.0
        D:8 |    1315 |       0 |   0.0 |      21 |       0 |   0.0
        D:9 |    2970 |    2986 |  50.1 |      23 |      37 |  61.7
       D:10 |    3207 |     965 |  23.1 |      12 |       1 |   7.7
       D:11 |     408 |     349 |  46.1 |       1 |       3 |  75.0
            +---------+---------+-------+---------+---------+-------
